EL
ERIE SEAWOLVES @ BOWIE BAYSOX
08/05/2048
 
TOP OF THE 1ST
Erie SeaWolves batting - Pitching for Bowie Baysox : RHP Juan Estrada
Pitching: RHP Juan Estrada
Batting: RHB Eric Angelle 0-0: Called Strike
0-1: Swinging Strike
0-2: Foul Ball, location: 2F
0-2: Strikes out swinging
Batting: RHB Tony Soto 0-0: Ball
1-0: Ball
2-0: Foul Ball, location: 2F
2-1: Ball
3-1: Base on Balls
Batting: RHB John Evancho 0-0: Grounds into double play, 6-4-3 (Groundball, 6, EV 88.8 MPH)
Top of the 1st over - 0 runs, 0 hits, 0 errors, 0 left on base; Erie 0 - Bowie 0
BOTTOM OF THE 1ST
Bowie Baysox batting - Pitching for Erie SeaWolves : RHP Adam Huemmer
Pitching: RHP Adam Huemmer
Batting: LHB Tom Edwards 0-0: Ball
1-0: Ball
2-0: Called Strike
2-1: Reached on error, E6 (Groundball, 4MS, EV 83.8 MPH)
Batting: RHB Joe Young 0-0: Called Strike
0-1: Ball
1-1: Ground out 5-3 (Groundball, 56, EV 103.8 MPH)
Batting: RHB Muneer Maudad 0-0: Called Strike
0-1: Foul Ball, location: 2F
0-2: Ball
1-2: Ground out 6-3 (Groundball, 6, EV 93.1 MPH)
Tom Edwards to third
Batting: RHB Travis Leonard 0-0: Ball
1-0: Ball
2-0: Ball
3-0: Called Strike
3-1: Foul Ball, location: 2F
3-2: Strikes out looking
Bottom of the 1st over - 0 runs, 0 hits, 1 error, 1 left on base; Erie 0 - Bowie 0
TOP OF THE 2ND
Erie SeaWolves batting - Pitching for Bowie Baysox : RHP Juan Estrada
Batting: RHB Adam MacConnell 0-0: Ball
1-0: Foul Ball, location: 2F
1-1: Ball
2-1: Swinging Strike
2-2: Ground out 6-3 (Groundball, 6, EV 88.1 MPH)
Batting: RHB Benny O'Connor 0-0: Ball
1-0: Ball
2-0: Foul Ball, location: 2F
2-1: Ball
3-1: Base on Balls
Batting: RHB Carlos Armenteros 0-0: Ball
1-0: Fly out, F5 (Popup, 56S, EV 82.5 MPH)
Batting: RHB Jose Evangelista 0-0: Ball
1-0: Ball
2-0: Called Strike
2-1: Foul Ball, location: 2F
2-2: Foul Ball, location: 2F
2-2: Strikes out swinging
Top of the 2nd over - 0 runs, 0 hits, 0 errors, 1 left on base; Erie 0 - Bowie 0
BOTTOM OF THE 2ND
Bowie Baysox batting - Pitching for Erie SeaWolves : RHP Adam Huemmer
Batting: LHB Andrew Erens 0-0: Ball
1-0: Ball
2-0: Ball
3-0: Base on Balls
Batting: RHB John Gray 0-0: Reached on error, E6 (Groundball, 6, EV 85.0 MPH)
Andrew Erens to second
Batting: RHB Edwin Ramos 0-0: Ball
1-0: Ball
2-0: Called Strike
2-1: Called Strike
2-2: Foul Ball, location: 2F
2-2: Fly out, F9 (Flyball, 89M, EV 92.5 MPH)
Batting: RHB Jeremy Sipe 0-0: Ball
1-0: Ball
2-0: Called Strike
2-1: Foul Ball, location: 2F
2-2: Ball
3-2: Foul Ball, location: 2F
3-2: Foul Ball, location: 2F
3-2: Base on Balls
Andrew Erens to third
John Gray to second
Batting: RHB Ray Sims 0-0: Ball
1-0: Ball
2-0: Called Strike
2-1: Grounds out, U3 (Groundball, 3L, EV 85.0 MPH)
Andrew Erens scores
John Gray to third
Batting: LHB Tom Edwards 0-0: Called Strike
0-1: Swinging Strike
0-2: Ball
1-2: Ball
2-2: SINGLE (Groundball, 3S, EV 65.6 MPH) (infield hit)
John Gray scores
Jeremy Sipe to third
Batting: RHB Joe Young 0-0: Ball
1-0: Ball
2-0: Ball
3-0: Called Strike
3-1: Base on Balls
Tom Edwards to second
Batting: RHB Muneer Maudad 0-0: Swinging Strike
0-1: Foul Ball, location: 2F
0-2: Ball
1-2: Fielders Choice at 2nd, 5-4 (Groundball, 5L, EV 89.4 MPH)
Bottom of the 2nd over - 2 runs, 1 hit, 1 error, 3 left on base; Erie 0 - Bowie 2
TOP OF THE 3RD
Erie SeaWolves batting - Pitching for Bowie Baysox : RHP Juan Estrada
Batting: RHB Willie Ochoa 0-0: Ball
1-0: Foul Ball, location: 2F
1-1: Called Strike
1-2: DOUBLE (Groundball, 3L, EV 104.4 MPH)
Batting: RHB Mike Sebastian 0-0: Called Strike
0-1: Ball
1-1: Ground out 4-3 (Groundball, 4D, EV 104.4 MPH)
Willie Ochoa to third
Batting: RHB Eric Angelle 0-0: Fly out, F8 (Flyball, 8LD, EV 94.4 MPH)
Batting: RHB Tony Soto 0-0: Fly out, F8 (Flyball, 8RD, EV 100.6 MPH)
Top of the 3rd over - 0 runs, 1 hit, 0 errors, 1 left on base; Erie 0 - Bowie 2
BOTTOM OF THE 3RD
Bowie Baysox batting - Pitching for Erie SeaWolves : RHP Adam Huemmer
Batting: RHB Travis Leonard 0-0: Ball
1-0: Ball
2-0: Ball
3-0: Base on Balls
Batting: LHB Andrew Erens 0-0: Ball
1-0: Ball
2-0: Ball
3-0: Base on Balls
Travis Leonard to second
Batting: RHB John Gray 0-0: Ball
1-0: Ball
Passed Ball!
Travis Leonard to third
Andrew Erens to second
2-0: Called Strike
2-1: Called Strike
2-2: SINGLE (Groundball, 4S, EV 73.1 MPH) (infield hit)
Travis Leonard scores
Andrew Erens to third
Batting: RHB Edwin Ramos 0-0: Ball
John Gray is caught stealing 2nd base 2-4
1-0: Ball
2-0: Foul Ball, location: 2F
2-1: Swinging Strike
2-2: Ball
3-2: Strikes out looking
Batting: RHB Jeremy Sipe 0-0: Ball
1-0: Ball
2-0: Ground out U3 (Groundball, 34, EV 90.0 MPH)
Bottom of the 3rd over - 1 run, 1 hit, 0 errors, 1 left on base; Erie 0 - Bowie 3
TOP OF THE 4TH
Erie SeaWolves batting - Pitching for Bowie Baysox : RHP Juan Estrada
Batting: RHB John Evancho 0-0: Called Strike
0-1: Ground out 6-3 (Groundball, 6, EV 110.6 MPH)
Batting: RHB Adam MacConnell 0-0: Foul Ball, location: 2F
0-1: Ball
1-1: Called Strike
1-2: Ball
2-2: Ball
3-2: Foul Ball, location: 2F
3-2: Base on Balls
Batting: RHB Benny O'Connor 0-0: Called Strike
0-1: Ball
1-1: Foul Ball, location: 2F
1-2: Strikes out looking
Batting: RHB Carlos Armenteros 0-0: Called Strike
0-1: Foul Ball, location: 2F
0-2: Fly out, F3 (Popup, 3SF, EV 80.0 MPH)
Top of the 4th over - 0 runs, 0 hits, 0 errors, 1 left on base; Erie 0 - Bowie 3
BOTTOM OF THE 4TH
Bowie Baysox batting - Pitching for Erie SeaWolves : RHP Adam Huemmer
Batting: RHB Ray Sims 0-0: Called Strike
0-1: Ball
1-1: Called Strike
1-2: Ground out 6-3 (Groundball, 6, EV 86.2 MPH)
Batting: LHB Tom Edwards 0-0: Called Strike
0-1: Called Strike
0-2: Ball
1-2: Ground out 4-3 (Groundball, 4, EV 86.2 MPH)
Batting: RHB Joe Young 0-0: Called Strike
0-1: Swinging Strike
0-2: Strikes out swinging
Bottom of the 4th over - 0 runs, 0 hits, 0 errors, 0 left on base; Erie 0 - Bowie 3
TOP OF THE 5TH
Erie SeaWolves batting - Pitching for Bowie Baysox : RHP Juan Estrada
Batting: RHB Jose Evangelista 0-0: Ball
1-0: Ground out 6-3 (Groundball, 6, EV 105.0 MPH)
Batting: RHB Willie Ochoa 0-0: Foul Ball, location: 2F
0-1: Called Strike
0-2: Ball
1-2: Fly out, F8 (Flyball, 8RS, EV 90.0 MPH)
Batting: RHB Mike Sebastian 0-0: Ball
1-0: Ground out 6-3 (Groundball, 6, EV 92.5 MPH)
Top of the 5th over - 0 runs, 0 hits, 0 errors, 0 left on base; Erie 0 - Bowie 3
BOTTOM OF THE 5TH
Bowie Baysox batting - Pitching for Erie SeaWolves : RHP Adam Huemmer
Batting: RHB Muneer Maudad 0-0: Ball
1-0: Foul Ball, location: 2F
1-1: Ball
2-1: Ground out 3-1 (Groundball, 34, EV 83.1 MPH)
Batting: RHB Travis Leonard 0-0: Ball
1-0: Foul Ball, location: 2F
1-1: Ball
2-1: Swinging Strike
2-2: Ball
3-2: Strikes out looking
Batting: LHB Andrew Erens 0-0: Ball
1-0: Called Strike
1-1: Ball
2-1: Foul Ball, location: 2F
2-2: Foul Ball, location: 2F
2-2: Strikes out swinging
Bottom of the 5th over - 0 runs, 0 hits, 0 errors, 0 left on base; Erie 0 - Bowie 3
TOP OF THE 6TH
Erie SeaWolves batting - Pitching for Bowie Baysox : RHP Juan Estrada
Batting: RHB Eric Angelle 0-0: Swinging Strike
0-1: Foul Ball, location: 2F
0-2: Ball
1-2: Fly out, F9 (Flyball, 9D, EV 95.6 MPH)
Batting: RHB Tony Soto 0-0: Ball
1-0: Called Strike
1-1: Ball
2-1: Fly out, F2 (Popup, 23F, EV 76.2 MPH)
Batting: RHB John Evancho 0-0: Swinging Strike
0-1: Swinging Strike
0-2: Ball
1-2: DOUBLE (Line Drive, 78M, EV 108.8 MPH)
Batting: RHB Adam MacConnell 0-0: Called Strike
0-1: DOUBLE (Flyball, 7D, EV 81.9 MPH)
John Evancho scores
Batting: RHB Benny O'Connor 0-0: Ball
1-0: Ball
2-0: Ball
3-0: Called Strike
3-1: Foul Ball, location: 2F
3-2: Foul Ball, location: 2F
3-2: Strikes out swinging
Top of the 6th over - 1 run, 2 hits, 0 errors, 1 left on base; Erie 1 - Bowie 3
BOTTOM OF THE 6TH
Bowie Baysox batting - Pitching for Erie SeaWolves : RHP Adam Huemmer
Pitching: RHP Andy Thoennes
Batting: RHB John Gray 0-0: Fly out, F4 (Popup, 34D, EV 55.0 MPH)
Batting: RHB Edwin Ramos 0-0: Swinging Strike
0-1: Ball
1-1: Foul Ball, location: 2F
1-2: Strikes out swinging
Batting: RHB Jeremy Sipe 0-0: Called Strike
0-1: Swinging Strike
0-2: Ball
1-2: Ball
2-2: Fly out, F8 (Flyball, 8RD, EV 90.0 MPH)
Bottom of the 6th over - 0 runs, 0 hits, 0 errors, 0 left on base; Erie 1 - Bowie 3
TOP OF THE 7TH
Erie SeaWolves batting - Pitching for Bowie Baysox : RHP Juan Estrada
Batting: RHB Carlos Armenteros 0-0: Ball
1-0: Called Strike
1-1: TRIPLE (Line Drive, 89XD, EV 104.4 MPH)
Batting: RHB Jose Evangelista 0-0: Ball
1-0: Called Strike
1-1: Ground out 6-3 (Groundball, P, EV 80.6 MPH)
Batting: RHB Willie Ochoa 0-0: SINGLE (Line Drive, 8LS, EV 88.1 MPH)
Carlos Armenteros scores
Pinch Hitting: LHB Dave Carlisle 0-0: Called Strike
0-1: Called Strike
0-2: Strikes out swinging
Batting: RHB Eric Angelle 0-0: Called Strike
0-1: Ball
1-1: Fly out, F7 (Flyball, 7, EV 83.1 MPH)
Top of the 7th over - 1 run, 2 hits, 0 errors, 1 left on base; Erie 2 - Bowie 3
BOTTOM OF THE 7TH
Bowie Baysox batting - Pitching for Erie SeaWolves : RHP Andy Thoennes
Now at 2B: Dave Carlisle
Batting: RHB Ray Sims 0-0: Ball
1-0: Ball
2-0: Foul Ball, location: 2F
2-1: Foul Ball, location: 2F
2-2: Foul Ball, location: 2F
2-2: Strikes out looking
Batting: LHB Tom Edwards 0-0: Called Strike
0-1: Ball
1-1: Ball
2-1: Foul Ball, location: 2F
2-2: Foul Ball, location: 2F
2-2: Ball
3-2: Ground out U3 (Groundball, 34, EV 84.4 MPH)
Batting: RHB Joe Young 0-0: Called Strike
0-1: Ball
1-1: Foul Ball, location: 2F
1-2: Ball
2-2: Strikes out looking
Bottom of the 7th over - 0 runs, 0 hits, 0 errors, 0 left on base; Erie 2 - Bowie 3
TOP OF THE 8TH
Erie SeaWolves batting - Pitching for Bowie Baysox : RHP Juan Estrada
Pitching: RHP Josh Blankenship
Batting: RHB Tony Soto 0-0: Called Strike
0-1: Ball
1-1: Swinging Strike
1-2: Foul Ball, location: 2F
1-2: Ball
2-2: Ground out 6-3 (Groundball, 56, EV 81.2 MPH)
Batting: RHB John Evancho 0-0: Called Strike
0-1: Ball
1-1: Swinging Strike
1-2: Strikes out swinging
Batting: RHB Adam MacConnell 0-0: Called Strike
0-1: Ball
1-1: Foul Ball, location: 2F
1-2: Strikes out looking
Top of the 8th over - 0 runs, 0 hits, 0 errors, 0 left on base; Erie 2 - Bowie 3
BOTTOM OF THE 8TH
Bowie Baysox batting - Pitching for Erie SeaWolves : RHP Andy Thoennes
Pitching: RHP Denzel McPherson
Batting: RHB Muneer Maudad 0-0: Ball
1-0: Foul Ball, location: 2F
1-1: Ball
2-1: Fly out, F3 (Line Drive, 3L, EV 74.4 MPH)
Batting: RHB Travis Leonard 0-0: Ball
1-0: Called Strike
1-1: Swinging Strike
1-2: Strikes out looking
Batting: LHB Andrew Erens 0-0: Ball
1-0: Ground out 3-1 (Groundball, 34S, EV 84.4 MPH)
Bottom of the 8th over - 0 runs, 0 hits, 0 errors, 0 left on base; Erie 2 - Bowie 3
TOP OF THE 9TH
Erie SeaWolves batting - Pitching for Bowie Baysox : RHP Josh Blankenship
Pitching: RHP Corey Rizzuto
Batting: RHB Benny O'Connor 0-0: Ball
1-0: SINGLE (Groundball, 6MD, EV 94.4 MPH)
Pinch Runner at 1st Tanner Purchase:
Batting: RHB Carlos Armenteros 0-0: Ball
1-0: Ball
2-0: Foul Ball, location: 2F
2-1: Foul Ball, location: 2F
2-2: Ball
3-2: SINGLE (Groundball, 56, EV 95.0 MPH)
Tanner Purchase to second
Runner from 2nd tries for 3rd, SAFE, no throw by LF
Pinch Hitting: SHB Sean Foley 0-0: Ball
1-0: SINGLE (Line Drive, 4, EV 94.4 MPH)
Tanner Purchase scores
Carlos Armenteros to second
Runner from 2nd tries for 3rd, SAFE, throw by RF made to third
Batting: RHB Willie Ochoa 0-0: Ball
1-0: Ball
2-0: Foul Ball, location: 2F
2-1: Ball
3-1: Called Strike
3-2: Foul Ball, location: 2F
3-2: Strikes out looking
Batting: LHB Dave Carlisle 0-0: Called Strike
0-1: Foul Ball, location: 2F
0-2: Foul Ball, location: 2F
0-2: Ball
1-2: Ball
2-2: DOUBLE (Flyball, 89D, EV 100.0 MPH)
Carlos Armenteros scores
Sean Foley to third
Batting: RHB Eric Angelle 0-0: Ball
1-0: Ball
2-0: Ball
3-0: Called Strike
3-1: Base on Balls
Batting: RHB Tony Soto 0-0: Ball
1-0: Called Strike
1-1: Called Strike
1-2: Ball
2-2: Grounds into double play, 5-2-3 (Groundball, 56, EV 86.2 MPH)
Top of the 9th over - 2 runs, 4 hits, 0 errors, 2 left on base; Erie 4 - Bowie 3
BOTTOM OF THE 9TH
Bowie Baysox batting - Pitching for Erie SeaWolves : RHP Denzel McPherson
Pitching: RHP Cameron Maxwell
Now at 1B: Adam MacConnell
Now at 2B: Sean Foley
Now at SS: Dave Carlisle
Now in LF: Tanner Purchase
Now in RF: John Evancho
Batting: RHB John Gray 0-0: Called Strike
0-1: Ball
1-1: Ground out 4-3 (Groundball, 34, EV 83.1 MPH)
Pinch Hitting: LHB Justin Moore 0-0: Ball
1-0: Ball
2-0: Called Strike
2-1: Ball
3-1: SOLO HOME RUN (Flyball, 89XD, EV 97.5 MPH), Distance : 404 ft
Batting: RHB Jeremy Sipe 0-0: Ball
1-0: Foul Ball, location: 2F
1-1: Ball
2-1: Foul Ball, location: 2F
2-2: Foul Ball, location: 2F
2-2: Strikes out swinging
Batting: RHB Ray Sims 0-0: Fly out, F9 (Flyball, 89M, EV 80.0 MPH)
Bottom of the 9th over - 1 run, 1 hit, 0 errors, 0 left on base; Erie 4 - Bowie 4
TOP OF THE 10TH
Erie SeaWolves batting - Pitching for Bowie Baysox : RHP Corey Rizzuto
Pitching: RHP Oscar Munoz
Now in LF: Justin Moore
Batting: RHB John Evancho 0-0: Swinging Strike
0-1: Foul Ball, location: 2F
0-2: Foul Ball, location: 2F
0-2: Foul Ball, location: 2F
0-2: Ball
1-2: Ground out 6-3 (Groundball, 6, EV 85.0 MPH)
Batting: RHB Adam MacConnell 0-0: Foul Ball, location: 2F
0-1: Foul Ball, location: 2F
0-2: Ball
1-2: Ball
2-2: Foul Ball, location: 2F
2-2: Foul Ball, location: 2F
2-2: Foul Ball, location: 2F
2-2: SINGLE (Flyball, 89S, EV 91.2 MPH)
Batting: RHB Tanner Purchase 0-0: Called Strike
0-1: Ball
1-1: Ball
2-1: Called Strike
2-2: Ball
Pickoff Throw by Catcher to First - Out!
3-2: Foul Ball, location: 2F
3-2: Base on Balls
Batting: RHB Carlos Armenteros 0-0: Called Strike
Tanner Purchase steals 2nd base
0-1: Ball
1-1: Ball
2-1: Foul Ball, location: 2F
2-2: Strikes out swinging
Top of the 10th over - 0 runs, 1 hit, 0 errors, 1 left on base; Erie 4 - Bowie 4
BOTTOM OF THE 10TH
Bowie Baysox batting - Pitching for Erie SeaWolves : RHP Cameron Maxwell
Batting: LHB Tom Edwards 0-0: Called Strike
0-1: Swinging Strike
0-2: Foul Ball, location: 2F
0-2: Ground out 4-3 (Groundball, 34, EV 97.5 MPH)
Batting: RHB Joe Young 0-0: Called Strike
0-1: Ball
1-1: Swinging Strike
1-2: SINGLE (Groundball, 34D, EV 103.1 MPH)
Batting: RHB Muneer Maudad 0-0: Ball
Joe Young steals 2nd base (no throw)
1-0: Ball
2-0: Foul Ball, location: 2F
2-1: SINGLE (Line Drive, 34D, EV 105.0 MPH)
Joe Young to third
Batting: RHB Travis Leonard 0-0: Swinging Strike
0-1: Swinging Strike
0-2: Ball
1-2: Foul Ball, location: 2F
1-2: Foul Ball, location: 2F
1-2: Fly out, F6 (Line Drive, 6, EV 70.0 MPH)
Pitching: RHP Eddie Hodgson
Batting: LHB Andrew Erens 0-0: Ball
1-0: Foul Ball, location: 2F
1-1: SINGLE (Line Drive, 7S, EV 87.5 MPH)
Joe Young scores
Bottom of the 10th over - 1 run, 3 hits, 0 errors, 1 left on base; Erie 4 - Bowie 5
Tuesday, March 28th , 2023 - OOTP Baseball 23.10 Build 110